 Dungeon Crawl Stone Soup version 0.22-a0-512-g0943f25 (webtiles) character file.

6037 kae the Carver (level 10, 0/91 HPs)
             Began as a Minotaur Fighter on June 18, 2018.
             Was a Priest of Makhleb.
             Slain by a two-headed ogre
             ... wielding a +0 dire flail
              (20 damage)
             ... on level 10 of the Dungeon.
             The game lasted 00:07:30 (9946 turns).

kae the Carver (Minotaur Fighter)                   Turns: 9946, Time: 00:07:31

Health: 0/91       AC:  9    Str: 23    XL:     10   Next: 56%
Magic:  11/11      EV: 13    Int:  6    God:    Makhleb [***...]
Gold:   698        SH:  0    Dex: 10    Spells: 9/9 levels left

rFire    . . .     SeeInvis .   A - +0 great sword
rCold    . . .     Gourm    .   (shield currently unavailable)
rNeg     . . .     Faith    .   b - +1 scale mail
rPois    .         Spirit   .   (helmet restricted)
rElec    .         Reflect  .   (no cloak)
rCorr    .         Harm     .   (no gloves)
MR       .....                  (no boots)
Stlth    +.........             (no amulet)
HPRegen  0.25/turn              s - ring of stealth
MPRegen  0.12/turn              (no ring)

@: no status effects
A: retaliatory headbutt, horns 2
a: Minor Destruction, Lesser Servant of Makhleb, Renounce Religion


You were on level 10 of the Dungeon.
You worshipped Makhleb.
Makhleb was most pleased with you.
You were not hungry.

You visited 2 branches of the dungeon, and saw 11 of its levels.
You also visited: Ossuary.

You collected 725 gold pieces.
You spent 27 gold pieces at shops.

Inventory:

Hand Weapons
 a - a +1 long sword
 z - a +0 scimitar
 A - a +0 great sword (weapon)
Armour
 b - a +1 scale mail (worn)
 c - a +0 shield
Jewellery
 s - a ring of stealth (left hand)
Wands
 n - a wand of scattershot (5)
 o - a wand of enslavement (8)
Scrolls
 d - 2 scrolls of remove curse
 g - 2 scrolls of teleportation
 m - 2 scrolls of magic mapping
 t - 2 scrolls of fear
 u - 2 scrolls of identify
 x - a scroll of blinking
 y - 3 scrolls of amnesia
 B - a scroll of enchant weapon
Potions
 e - 4 potions of invisibility
 h - 4 potions of curing
 i - 4 potions of heal wounds
 j - a potion of berserk rage
 k - a potion of haste
 l - 2 potions of flight
 p - a potion of ambrosia
 q - a potion of mutation
 r - 3 potions of brilliance
 v - 3 potions of might
 w - a potion of magic
Comestibles
 f - 18 rations
 C - 4 chunks of flesh


   Skills:
 + Level 9.1 Fighting
 * Level 11.7 Long Blades
 + Level 9.1 Armour
 + Level 7.4 Dodging
 - Level 3.6 Shields
 * Level 3.9 Invocations


You had 9 spell levels left.
You didn't know any spells.
Your spell library contained the following spells:

 Spells                   Type           Power        Failure   Level  Hunger
 Confuse                  Hex            #.......     97%         3    ####...
 Invisibility             Hex            #.......     100%        6    #######
 Confusing Touch          Hex            #.....       73%         1    ##.....
 Metabolic Englaciation   Hex/Ice        #.........   100%        5    ######.
 Silence                  Hex/Air        #.........   100%        5    ######.
 Petrify                  Tmut/Erth      #.......     100%        4    #####..
 Darkness                 Hex            #.........   100%        6    #######
 Spectral Weapon          Hex/Chrm       #.......     97%         3    ####...
 Gell's Gravitas          Tloc           #.........   97%         3    ####...
 Yara's Violent Unravell  Hex/Tmut       #.........   100%        5    ######.


Dungeon Overview and Level Annotations

Branches:
Dungeon (10/15)            Temple (1/1) D:5             Orc (0/2) D:9
   Lair: D:8-11

Altars:
Ashenzari
Cheibriados
Dithmenos
Elyvilon
Fedhas
Gozag
Hepliaklqana
Kikubaaqudgha
Makhleb
Nemelex Xobeh
Okawaru
Qazlal
Ru
Sif Muna
Trog
Uskayaw
Vehumet
Wu Jian
Xom
Yredelemnul
Zin
The Shining One

Shops:
D:6 (*=

Annotations:
D:3 1 runed door, Cupolui's ghost, amateur DrFE
D:5 3 runed doors, Naeniym's ghost, novice GnWn


Innate Abilities, Weirdness & Mutations

You reflexively headbutt those who attack you in melee.
You have a pair of horns on your head.


Message History

You are too injured to fight recklessly!
You are too injured to fight recklessly!
You are too injured to fight recklessly!
You hit the two-headed ogre.
The two-headed ogre is moderately wounded.
The orc wizard gestures at you while chanting.
The magic dart hits you!
The two-headed ogre hits you with a dire flail!!
The two-headed ogre misses you.
You completely miss the two-headed ogre.
The two-headed ogre is moderately wounded.
The two-headed ogre hits you with a dire flail!!
* * * LOW HITPOINT WARNING * * *
The two-headed ogre closely misses you.
You slash the two-headed ogre!
The two-headed ogre is moderately wounded.
The orc wizard mumbles some strange words.
The orc wizard blinks!
The two-headed ogre hits you with a dire flail!!
You die...

... #.....#...# ...
#.....##..#
#.#####......# #
#............# .#
..#........#####..#
#........###......#
.........#........#
.#..###'##..ยง.....#
#......o.)@........
.........O#+###....
..........# ..
..........#
..........#
..........#
######....+ #....#


You could see a two-headed ogre and an orc wizard.

Vanquished Creatures
  An ugly thing (D:9)
  A troll (D:9)
  A hornet (D:7)
  2 hippogriffs
  A wyvern (D:8)
  A spriggan (D:7)
  A water moccasin (D:6)
  Duvessa (D:4)
  An ice beast (D:9)
  4 orc warriors
  2 sky beasts
  3 phantoms
  3 ogres
  A necrophage (D:10)
  A centaur (D:9)
  A big kobold (D:8)
  5 bullfrogs
  A wyvern zombie (D:9)
  Dowan (D:4)
  A water moccasin skeleton (D:7)
  4 wights (D:9)
  3 killer bees (D:10)
  2 howler monkeys (D:4)
  2 crimson imps
  5 hounds
  3 jellies
  3 centaur zombies
  2 centaur skeletons
  7 orc priests
  2 bullfrog skeletons
  Natasha (thrice) (D:2)
  10 orc wizards
  9 worker ants
  2 iguanas
  A big kobold zombie (Ossuary)
  A hound skeleton (D:3)
  9 mummies
  Robin (D:3)
  3 howler monkey skeletons
  14 adders
  A shadow imp (D:10)
  2 oozes
  4 worms
  2 dart slugs
  4 leopard geckos
  61 orcs
  3 ball pythons
  3 bats
  3 giant cockroaches
  2 gnoll zombies (Ossuary)
  15 goblins
  10 hobgoblins
  3 quokkas
  3 frilled lizards
  11 kobolds
  3 kobold zombies (Ossuary)
  2 orc zombies (Ossuary)
  A quokka skeleton (D:4)
  6 rats
258 creatures vanquished.

Notes
Turn   | Place    | Note
-------+----------+-------------------------------------------
     0 | D:1      | kae the Minotaur Fighter began the quest for the Orb.
     0 | D:1      | Reached XP level 1. HP: 19/19 MP: 0/0
    13 | D:1      | Reached XP level 2. HP: 21/27 MP: 1/1
    32 | D:1      | Reached skill level 3 in Long Blades
   396 | D:1      | Reached skill level 1 in Dodging
   577 | D:2      | Reached XP level 3. HP: 33/33 MP: 2/2
   640 | D:2      | Noticed Natasha
   645 | D:2      | Killed Natasha
   689 | D:2      | Found a shattered altar of Ashenzari.
   743 | D:2      | Reached XP level 4. HP: 40/40 MP: 3/3
   775 | D:2      | Noticed Natasha
   782 | D:2      | Killed Natasha
   782 | D:2      | Reached skill level 4 in Long Blades
   866 | D:2      | Noticed Natasha
   872 | D:2      | Killed Natasha
   891 | D:2      | Reached XP level 5. HP: 47/47 MP: 4/4
  1652 | D:3      | Reached skill level 5 in Long Blades
  1667 | D:3      | Noticed Robin
  1700 | D:3      | Killed Robin
  1700 | D:3      | Reached XP level 6. HP: 33/55 MP: 3/5
  2068 | D:3      | Found a runed door.
  2069 | D:3      | Noticed Cupolui's ghost (amateur DrFE)
  2242 | D:4      | Reached skill level 5 in Fighting
  2245 | D:4      | Reached skill level 5 in Armour
  2624 | D:4      | Reached skill level 6 in Long Blades
  2756 | D:4      | Reached XP level 7. HP: 47/61 MP: 6/6
  3158 | D:4      | Noticed Duvessa
  3159 | D:4      | Noticed Dowan
  3169 | D:4      | Killed Duvessa
  3171 | D:4      | Killed Dowan
  3177 | D:4      | Reached skill level 7 in Long Blades
  3198 | D:4      | Found a bloodstained altar of Trog.
  3220 | D:4      | Found the +7 sceptre of Torment
  3273 | D:5      | Entered Level 5 of the Dungeon
  3360 | D:5      | Reached XP level 8. HP: 59/70 MP: 7/7
  3452 | D:5      | Found a sand-covered staircase.
  3474 | Ossuary  | Entered an ossuary
  4150 | D:5      | Found a runed gate.
  4150 | D:5      | Found a runed gate.
  4151 | D:5      | Found a runed gate.
  4153 | D:5      | Noticed Naeniym's ghost (novice GnWn)
  4255 | D:5      | Found a staircase to the Ecumenical Temple.
  4330 | D:5      | Found a hide-covered altar of Uskayaw.
  4398 | Temple   | Entered the Ecumenical Temple
  4476 | Temple   | Became a worshipper of Makhleb the Destroyer
  4852 | D:6      | Found Tomek's Jewellery Boutique.
  4881 | D:6      | Reached skill level 8 in Long Blades
  5054 | D:6      | Found Wypnul's Assorted Antiques.
  5207 | D:6      | Bought a scroll labeled MEETI LAD EZUO for 27 gold pieces
  5208 | D:6      | Identified the Tome of Execration
  5310 | D:6      | Found an opulent altar of Gozag.
  5313 | D:6      | Found a glowing silver altar of Zin.
  5314 | D:6      | Found a radiant altar of Vehumet.
  5316 | D:6      | Found a bloodstained altar of Trog.
  5383 | D:6      | Reached skill level 5 in Dodging
  5507 | D:6      | Found Kanaph's Antique Weapon Boutique.
  5692 | D:7      | Found a sparkling altar of Nemelex Xobeh.
  5856 | D:7      | Reached skill level 9 in Long Blades
  6037 | D:7      | Noticed a hornet
  6050 | D:7      | Killed a hornet
  6050 | D:7      | Reached XP level 9. HP: 20/79 MP: 8/8
  6878 | D:8      | Reached * piety under Makhleb
  7434 | D:8      | Found an iron altar of Okawaru.
  7434 | D:8      | Noticed a deep elf mage
  7434 | D:8      | Noticed a deep elf mage
  7733 | D:8      | Reached skill level 10 in Long Blades
  8111 | D:8      | Found a shimmering altar of Xom.
  8111 | D:8      | Found a sacrificial altar of Ru.
  8491 | D:9      | Reached ** piety under Makhleb
  8628 | D:9      | Found a staircase to the Orcish Mines.
  8808 | D:9      | Reached skill level 11 in Long Blades
  8810 | D:9      | Reached skill level 1 in Invocations
  8810 | D:9      | Reached XP level 10. HP: 90/90 MP: 9/9
  8900 | D:9      | Noticed a purple ugly thing
  8908 | D:9      | Killed a purple ugly thing
  9182 | D:9      | Reached *** piety under Makhleb
  9727 | D:10     | Entered Level 10 of the Dungeon
  9936 | D:10     | Noticed a two-headed ogre
  9946 | D:10     | Slain by a two-headed ogre

Vault maps used:
D:1:      scummos_arrival_simple_fountains
D:2:      nicolae_overflow_crystal_walls, uniq_natasha
D:3:      gammafunk_ghost_grave, uniq_robin
D:4:      first_ration, trog_book, uniq_duvessa
D:5:      overflow_temple_1_default, minmay_temple_entry_poolview,
          gammafunk_ghost_necromancy, gup_ossuary_entry_pyramid
D:6:      minitemple, serial_shops, shop, shop_statue,
          nicolae_shop_temple_entry_statues_fountains
D:7:      nemelex_xobeh_ov_fountains_minmay, the_bakery
D:8:      gammafunk_temple_overflow_wave, david_defended_altar_elf
D:9:      hiddenorc2_lemuel
D:10:     dpeg_oklobed_lair
Temple:   nicolae_temple_god_jail
Ossuary:  ossuary_tomb_3

Skill      XL: |  1  2  3  4  5  6  7  8  9 10 |
---------------+-------------------------------+-----
Long Blades    | 3 4 5 6 7 9 11 | 11.7
Dodging        | 1 2 3 4 5 6 7 |  7.4
Fighting       | 4 5 6 7 8 9 |  9.1
Armour         | 4 5 6 7 8 9 |  9.1
Invocations    | 1 3 |  3.9
Shields        | |  3.6

Action                   |  1- 3 |  4- 6 |  7- 9 | 10-12 || total
-------------------------+-------+-------+-------+-------++-------
Melee: Long sword        |    59 |   164 |   417 |       ||   640
       Headbutt          |    10 |    38 |    95 |    21 ||   164
       Great sword       |       |       |     9 |   116 ||   125
  Use: Potion            |       |     1 |     2 |       ||     3
       Scroll            |       |     7 |    10 |     6 ||    23
  Eat: Chunk             |       |     6 |    16 |     4 ||    26
       Ration            |       |       |     1 |       ||     1
Armor: Scale mail        |    27 |    41 |    97 |    57 ||   222
Dodge: Dodged            |    14 |    64 |   145 |    69 ||   292
Block: Shield            |    29 |    79 |   176 |       ||   284
       Rpst.: Long sword |     4 |    17 |    46 |       ||    67
       Great sword       |       |       |     1 |    18 ||    19

Table legend:
 A = Spawn XP
 B = Non-spawn XP
 C = Spawn XP percentage of total XP
 D = Spawn monster count
 E = Non-spawn monster count
 F = Spawn count percentage of total count
 G = Total turns spent on level
                    A         B        C        D         E        F      G
               +---------+---------+-------+---------+---------+-------+---------
         Total |       0 |    8625 |   0.0 |       0 |     258 |   0.0 |  9946
               +---------+---------+-------+---------+---------+-------+---------
           D:1 |       0 |      35 |   0.0 |       0 |      17 |   0.0 |   515
           D:2 |       0 |     172 |   0.0 |       0 |      20 |   0.0 |   774
           D:3 |       0 |     228 |   0.0 |       0 |      43 |   0.0 |  1056
           D:4 |       0 |     749 |   0.0 |       0 |      19 |   0.0 |   928
           D:5 |       0 |     328 |   0.0 |       0 |      12 |   0.0 |   990
           D:6 |       0 |     454 |   0.0 |       0 |      13 |   0.0 |   806
           D:7 |       0 |     947 |   0.0 |       0 |      14 |   0.0 |  1235
           D:8 |       0 |    1138 |   0.0 |       0 |      22 |   0.0 |  1527
           D:9 |       0 |    3020 |   0.0 |       0 |      65 |   0.0 |  1331
          D:10 |       0 |    1374 |   0.0 |       0 |      17 |   0.0 |   219
       Ossuary |       0 |     180 |   0.0 |       0 |      16 |   0.0 |   474
               +---------+---------+-------+---------+---------+-------+---------
